 Dungeon Crawl Stone Soup version 0.26-a0-652-gafc20e3620 (webtiles) character file.

Game seed: 1492536795956855481

1019 jasper the Archer (level 8, -12/54 HPs)
             Began as a Demonspawn Arcane Marksman on Oct 1, 2020.
             Was a Follower of Okawaru.
             Mangled by Maggie
             ... wielding a +3 halberd
              (16 damage)
             ... on level 6 of the Dungeon.
             The game lasted 00:10:27 (5914 turns).

jasper the Archer (Demonspawn Arcane Marksman)      Turns: 5914, Time: 00:10:29

Health: -12/54     AC:  8    Str: 12    XL:     8   Next: 2%
Magic:  10/10      EV: 10    Int: 16    God:    Okawaru [*.....]
Gold:   236        SH:  0    Dex: 13    Spells: 9/9 levels left

rFire    . . .     SeeInvis +   a - +0 shortbow
rCold    + . .     Faith    .   (shield currently unavailable)
rNeg     . . .     Spirit   .   q - +0 ring mail
rPois    .         Reflect  .   i - +1 helmet
rElec    .         Harm     .   b - +0 cloak
rCorr    .         Rampage  .   (no gloves)
MR       .....                  (no boots)
Stlth    +.........             (no amulet)
HPRegen  0.18/turn              n - ring of flight
MPRegen  0.12/turn              s - ring of see invisible

@: mesmerised
A: claws 1, blink, cold resistance 1, high mp 1, powered by death 2
a: Blink, Heroism, Renounce Religion, Evoke Flight


You were on level 6 of the Dungeon.
You worshipped Okawaru.
Okawaru was aware of your devotion.
You visited 2 branches of the dungeon, and saw 8 of its levels.

You collected 236 gold pieces.

Inventory:

Hand Weapons
 a - a +0 shortbow (weapon)
 c - a +0 spear
Missiles
 d - 21 arrows (quivered)
 g - 3 poisoned darts
 j - 4 boomerangs
Armour
 b - a +0 cloak (worn)
 e - a +0 robe
 i - a +1 helmet (worn)
 q - a +0 ring mail (worn)
Jewellery
 n - a ring of flight (left claw)
 s - a ring of see invisible (right claw)
Scrolls
 f - 2 scrolls of enchant armour
 h - 2 scrolls of identify
 k - a scroll of random uselessness {unknown}
 l - 3 scrolls of remove curse {unknown}
 p - a scroll of amnesia
 v - a scroll of teleportation
Potions
 m - 2 potions of brilliance
 r - a potion of flight


   Skills:
 - Level 1.0 Fighting
 + Level 8.7 Bows
 - Level 1.7 Dodging
 - Level 1.0 Spellcasting
   Level 3.0 Hexes


You had 9 spell levels left.
You didn't know any spells.
Your spell library contained the following spells:

 Spells                   Type           Power        Failure   Level
 Corona                   Hex            ##.....      16%         1
 Slow                     Hex            ##......     22%         2
 Sting                    Tmut/Pois      #...         45%         1
 Inner Flame              Hex/Fire       #.......     63%         3
 Portal Projectile        Hex/Tloc       #.....       63%         3
 Cause Fear               Hex            ##........   83%         4
 Leda's Liquefaction      Hex/Erth       #.........   95%         4
 Summon Ice Beast         Ice/Summ       #.......     99%         4
 Summon Demon             Summ           #.........   100%        5
 Summon Forest            Summ/Tloc      #.........   100%        5
 Summon Mana Viper        Hex/Summ       #.......     100%        5


Dungeon Overview and Level Annotations

Branches:
Dungeon (7/15)             Temple (1/1) D:5

Altars:
Ashenzari
Cheibriados
Dithmenos
Fedhas
Gozag
Hepliaklqana
Kikubaaqudgha
Makhleb
Nemelex Xobeh
Okawaru
Qazlal
Ru
Sif Muna
Trog
Uskayaw
Vehumet
Wu Jian
Xom
Yredelemnul
Zin
The Shining One

Annotations:
D:2 Natasha, Sigmund
D:6 Maggie


Innate Abilities, Weirdness & Mutations

You have sharp fingernails.
Your flesh is cold resistant. (rC+)
You regenerate health from kills.
You can translocate small distances at will.
You have an increased reservoir of magic. (+10% MP)


Message History

Press: ? - help, Shift-Dir - straight line, f/p - Maggie
Aim: Maggie, wielding a +3 halberd, wearing +0 steam dragon scales and carrying a wand of random effects (12) (lightly wounded, mesmerising, very poisoned)
You throw a poisoned dart. The poisoned dart hits Maggie.
Maggie looks even sicker.
Maggie is lightly wounded.
Maggie casts a spell at you. The bolt of fire misses you.
a - a +0 shortbow (weapon)
Firing (i - inventory. (/) - cycle)
d - 23 arrows (quivered)
Press: ? - help, Shift-Dir - straight line, f/p - Maggie
Aim: Maggie, wielding a +3 halberd, wearing +0 steam dragon scales and carrying a wand of random effects (12) (lightly wounded, mesmerising, very poisoned)
You shoot an arrow.
The arrow hits Maggie but does no damage.
Maggie is lightly wounded.
Firing (i - inventory. (/) - cycle)
d - 22 arrows (quivered)
Press: ? - help, Shift-Dir - straight line, f/p - Maggie
Aim: Maggie, wielding a +3 halberd, wearing +0 steam dragon scales and carrying a wand of random effects (12) (lightly wounded, mesmerising, very poisoned)
You shoot an arrow. The arrow barely misses Maggie.
Maggie hits you from afar with a +3 halberd!
You die...

#....(...#######...#####
.......(.'....@'...+....
.........#######...#####
......#(########...#####
......'........(..((@(..
......#(########.#######
......#@# #.## # .....
#.# ####..### # .....
#@#####.......# # ....
#.##.....#..#.# # ....
#..#...#.#..#.# #
####.....#..#..#.# #
#......#.#..####.# #
#.....#..#..#..#.# #
#...#.#..####..#.####
#..#..#..#..#..#.....
#..#..####..#.#......


You could see Maggie (mesmerising, very poisoned).

Vanquished Creatures
  A phantom (D:5)
  An ogre (D:3)
  A bullfrog (D:6)
  2 scorpions
  2 howler monkeys
  3 hounds
  2 orc priests (D:3)
  2 bullfrog skeletons (D:6)
  Natasha (D:2)
  An iguana (D:4)
  2 orc wizards (D:3)
  3 worker ants
  A hound zombie (D:5)
  A worker ant zombie (D:5)
  3 adders
  4 gnolls (D:4)
  A shadow imp (D:5)
  A white imp (D:6)
  An ufetubus (D:6)
  2 worms
  7 dart slugs
  4 leopard geckos
  16 orcs
  6 bats
  2 giant cockroaches (D:1)
  4 goblins
  6 hobgoblins
  5 jackals
  8 kobolds
  4 quokkas
  A ball python (D:1)
  3 frilled lizards
  A leopard gecko skeleton (D:4)
  4 rats
106 creatures vanquished.

Vanquished Creatures (others)
  A plant (D:5)
1 creature vanquished.

Grand Total: 107 creatures vanquished

Notes
Turn   | Place    | Note
-------+----------+-------------------------------------------
     0 | D:1      | jasper the Demonspawn Arcane Marksman began the quest for
                  | the Orb.
     0 | D:1      | Reached XP level 1. HP: 15/15 MP: 2/2
    29 | D:1      | Reached skill level 2 in Bows
   127 | D:1      | Gained mutation: You have sharp fingernails. [demonic
                  | ancestry]
   127 | D:1      | Reached XP level 2. HP: 21/21 MP: 3/3
   473 | D:1      | Reached skill level 3 in Bows
   640 | D:1      | Gained mutation: Your flesh is cold resistant. (rC+)
                  | [demonic ancestry]
   640 | D:1      | Reached XP level 3. HP: 26/26 MP: 4/4
  1048 | D:2      | Noticed Natasha
  1059 | D:2      | Killed Natasha
  1059 | D:2      | Reached skill level 4 in Bows
  1059 | D:2      | Reached XP level 4. HP: 6/32 MP: 5/5
  1462 | D:2      | Noticed Natasha
  1463 | D:2      | Noticed Sigmund
  1683 | D:3      | Gained mutation: You regenerate a little health from kills.
                  | [demonic ancestry]
  1683 | D:3      | Reached XP level 5. HP: 21/37 MP: 6/6
  1694 | D:3      | Reached skill level 5 in Bows
  1696 | D:3      | Noticed an ogre
  2395 | D:4      | Gained mutation: You regenerate health from kills. [demonic
                  | ancestry]
  2395 | D:4      | Reached XP level 6. HP: 29/43 MP: 7/7
  2400 | D:4      | Reached skill level 6 in Bows
  3089 | D:5      | Entered Level 5 of the Dungeon
  3208 | D:5      | Found a staircase to the Ecumenical Temple.
  3214 | Temple   | Entered the Ecumenical Temple
  3261 | Temple   | Became a worshipper of Warmaster Okawaru
  3664 | D:5      | Reached skill level 7 in Bows
  3691 | D:5      | Reached XP level 7. HP: 48/48 MP: 8/8
  4289 | D:6      | Identified the Reference Book on Nocuous Calling
  4558 | D:6      | Reached skill level 8 in Bows
  4610 | D:6      | Noticed Maggie
  5471 | D:3      | Reached * piety under Okawaru
  5865 | D:6      | Reached XP level 8. HP: 39/54 MP: 9/9
  5869 | D:6      | Gained mutation: You have an increased reservoir of magic.
                  | (+10% MP) [potion of mutation]
  5869 | D:6      | Gained mutation: You can translocate small distances at
                  | will. [potion of mutation]
  5914 | D:6      | Mangled by Maggie

Illustrated notes

Levels and vault maps discovered:
D:1:      onia_arrival_pentagram, layout_loops_ring
D:2:      layout_loops_ring, uniq_sigmund, uniq_natasha
D:3:      layout_loops_ring, hex_large, grunt_decor_resistance
D:4:      layout_loops_ring, chequers_avenue
D:5:      layout_basic, minmay_temple_entry_overgrown, grunt_ministairs_7,
          minivault_25
D:6:      layout_basic, hangedman_abyss_or_decor_stagger, uniq_maggie,
          uniq_crazy_yiuf_cottage
D:7:      layout_cave_pools, serial_column_ruins, column_ruins_square_medium,
          column_ruins_temple_circle, column_ruins_open_medium,
          column_ruins_open_small, column_ruins_open_small, column_ruins_grid_1
Temple:   dpeg_three_leaves_temple

Skill      XL: |  1  2  3  4  5  6  7 |
---------------+----------------------+-----
Bows           | 2 3 4 5 7 8 |  8.7
Fighting       | |  1.0
Dodging        | |  1.7
Spellcasting   | |  1.0
Hexes          | |  3.0

Action                   |  1- 3 |  4- 6 |  7- 9 || total
-------------------------+-------+-------+-------++-------
Melee: Unarmed           |       |     7 |     1 ||     8
 Fire: Shortbow          |    90 |   195 |   183 ||   468
Throw: Boomerang         |       |     7 |       ||     7
       Dart              |       |       |    12 ||    12
Evoke: Wand              |       |     5 |     3 ||     8
  Use: Potion            |       |     3 |     4 ||     7
       Scroll            |       |     4 |     1 ||     5
Armor: Robe              |    13 |    30 |     1 ||    44
       Ring mail         |       |       |    25 ||    25
Dodge: Dodged            |    24 |    82 |    57 ||   163

Table legend: (Time is in decaauts)
 A = Elapsed time spent in this place.
 B = Non-inter-level travel time spent in this place.
 C = Inter-level travel time spent in this place.
 D = Time resting spent in this place.
 E = Time spent auto-exploring this place.
 F = Levels seen in this place.
 G = Mean time per level.
                   A        B        C        D        E       F      G
               +--------+--------+--------+--------+--------+-----+--------+
         Total |   5929 |   5755 |    174 |   1225 |   3508 |   8 |  741.1 |
       Dungeon |   5878 |   5704 |    174 |   1225 |   3506 |   7 |  839.7 |
        Temple |     50 |     50 |      0 |      0 |      2 |   1 |   50.0 |
               +--------+--------+--------+--------+--------+-----+--------+

Top non-repeatable levels by time:
     D:4: 1328 daAuts
     D:5: 1147 daAuts
     D:3: 1007 daAuts
     D:1: 933 daAuts
     D:6: 897 daAuts
     D:2: 560 daAuts
  Temple: 50 daAuts
     D:7: 3 daAuts
